 Dungeon Crawl Stone Soup version 0.20-a0-645-g0ac6e19 (webtiles) character file.

218 vortex the Magician (level 5, -6/30 HPs)
             Began as a Gargoyle Wizard on Feb 14, 2017.
             Killed by divine providence
             ... invoked by an orc priest
              (12 damage)
             ... on level 3 of the Dungeon.
             The game lasted 00:11:03 (3514 turns).

vortex the Magician (Gargoyle Wizard)               Turns: 3514, Time: 00:11:03

Health: -6/30      AC:  6    Str: 10    XL:     5   Next: 95%
Magic:  1/10       EV: 12    Int: 20    God:
Gold:   90         SH:  0    Dex:  8    Spells: 2/11 levels left

rFire    . . .     SeeInvis +   k - -1 dagger (curse)
rCold    . . .     Gourm    .   a - +0 robe
rNeg     + . .     Faith    .   (no shield)
rPois    ∞         Spirit   .   b - +0 hat
rElec    +         Reflect  .   (no cloak)
rCorr    .         Harm     .   (no gloves)
MR       .....                  (no boots)
Stlth    ++........             (no amulet)
Regen    0.1/turn               (no ring)
MPRegen  0.2/turn               j - ring of see invisible

@: no status effects
A: negative energy resistance 1, electricity resistance, unbreathing,
petrification resistance, rot immunity, AC +4
a: no special abilities


You were on level 3 of the Dungeon.
You were not hungry.

You visited 1 branch of the dungeon, and saw 3 of its levels.

You collected 90 gold pieces.

Inventory:

Hand Weapons
 k - a cursed -1 dagger (weapon)
Armour
 a - a +0 robe (worn)
 b - a +0 hat (worn)
Jewellery
 j - a ring of see invisible (left hand)
Scrolls
 m - a scroll of identify
 u - a scroll of teleportation
Potions
 o - a potion of mutation {unknown}
 p - 2 potions of degeneration {unknown}
 r - 2 potions of might {unknown}
 s - a potion of lignification {unknown}
 t - a potion of berserk rage {unknown}
Books
 c - a book of Minor Magic

   Spells                             Type                      Level
   a - Magic Dart                     Conjuration                  1
   b - Blink                          Translocation                2
   c - Call Imp                       Summoning                    2
   d - Slow                           Hexes                        2
   e - Conjure Flame                  Conjuration/Fire             3
   f - Mephitic Cloud                 Conjuration/Poison/Air       3
Comestibles
 d - 4 bread rations
 f - a fruit
 g - 3 chunks of flesh
 h - a meat ration
 v - a royal jelly


   Skills:
 + Level 1.8 Fighting
 - Level 1.5 Dodging
 - Level 2.1 Stealth
 * Level 3.9 Spellcasting
 * Level 3.7 Conjurations
   Level 0.8 Summonings
 + Level 1.3 Translocations
 + Level 1.6 Fire Magic
 + Level 1.0 Air Magic


You had 2 spell levels left.
You knew the following spells:

 Your Spells              Type           Power        Failure   Level  Hunger
a - Magic Dart            Conj           ###.         2%          1    None
b - Conjure Flame         Conj/Fire      ##......     14%         3    ###....
m - Mephitic Cloud        Conj/Pois/Air  ##......     21%         3    ###....
x - Blink                 Tloc           N/A          14%         2    ##.....


Dungeon Overview and Level Annotations

Branches:
Dungeon (3/15)

Altars:

Annotations:
D:2 Natasha


Innate Abilities, Weirdness & Mutations

You are resistant to torment.
Your stone body is resilient. (AC +4)
You are immune to poison.
You resist negative energy. (rN+)
You are resistant to electric shocks. (rElec)
You can survive without breathing.
You are immune to petrification.
You are immune to rotting.


Message History

Press: ? - help, Shift-Dir - straight line, f - orc
Aim: an orc, wearing a scale mail The magic dart hits the orc.
The orc barely misses you.
Casting: Magic Dart
Confirm with . or Enter, or press ? or * to list all spells.
Aiming: Magic Dart
Press: ? - help, Shift-Dir - straight line, f/p - orc
Aim: an orc, wearing a scale mail The magic dart hits the orc.
The orc is lightly wounded.
The orc hits you but does no damage.
The orc priest calls upon Beogh to heal the orc.
The orc's wounds heal themselves!
Found a stone staircase leading up.
The orc priest mumbles some strange prayers to Beogh against you.
Beogh smites you!
* * * LOW HITPOINT WARNING * * *
The orc priest invokes the aid of Beogh against you.
Beogh smites you!
You die...

#≈≈≈#### ≈≈≈≈≈≈≈# #.
≈o≈≈o≈# #. #≈≈≈#.#
.. #####o### #. #
....#...# #.#####.#
###.###.# ...... ..#
###.########.#.# #.#
#.....o...o.@..#
#.......#.##########
........#.#
#.........#
#.#.#...###
#.#.##..# ... #..#
#. #.. #.####


You could see an orc priest and an orc.

Vanquished Creatures
  The ghost of sand the Conjurer, an amateur OpFE of Hepliaklqana (D:3)
  5 adders (D:2)
  An ooze (D:2)
  2 worms
  A dart slug (D:1)
  A leopard gecko (D:1)
  2 orcs (D:3)
  2 giant cockroaches
  8 goblins
  6 hobgoblins
  3 jackals (D:1)
  8 kobolds
  A quokka (D:2)
  7 bats
  3 frilled lizards (D:1)
  4 rats
55 creatures vanquished.

Notes
Turn   | Place    | Note
-------+----------+-------------------------------------------
     0 | D:1      | vortex the Gargoyle Wizard began the quest for the Orb.
     0 | D:1      | Reached XP level 1. HP: 10/10 MP: 4/4
   180 | D:1      | Reached XP level 2. HP: 16/16 MP: 3/6
   184 | D:1      | Learned a level 2 spell: Blink
   621 | D:1      | Reached XP level 3. HP: 20/20 MP: 5/7
   627 | D:1      | Learned a level 3 spell: Conjure Flame
   692 | D:1      | Reached skill level 1 in Fighting
  1694 | D:2      | Noticed Natasha
  2195 | D:2      | Reached skill level 1 in Fire Magic
  2195 | D:2      | Reached XP level 4. HP: 23/25 MP: 4/9
  2273 | D:2      | Learned a level 3 spell: Mephitic Cloud
  2410 | D:2      | Reached skill level 1 in Translocations
  3103 | D:3      | Noticed sand's ghost (amateur OpFE)
  3184 | D:3      | Killed sand's ghost
  3184 | D:3      | Reached skill level 1 in Air Magic
  3184 | D:3      | Reached XP level 5. HP: 14/30 MP: 0/10
  3346 | D:3      | Noticed a big kobold
  3514 | D:3      | Killed from afar by an orc priest

Vault maps used:
D:1:      lemuel_arrival_muddy, minmay_tetromino_o4
D:2:      uniq_natasha
D:3:      cheibrodos_thug_alley, first_bread

Skill      XL: |  1  2  3  4 |
---------------+-------------+-----
Conjurations   | 2 3 |  3.7
Fighting       | 1 |  1.8
Fire Magic     | 1 |  1.6
Translocations | 1 |  1.3
Air Magic      | 1 |  1.0
Dodging        | |  1.5
Stealth        | |  2.1
Spellcasting   | |  3.9
Summonings     | |  0.8

Action                   |  1- 3 |  4- 6 || total
-------------------------+-------+-------++-------
Melee: Club              |     5 |       ||     5
       Whip              |    27 |     2 ||    29
       Dagger            |       |     1 ||     1
 Cast: Magic Dart        |   120 |    75 ||   195
       Conjure Flame     |       |     1 ||     1
  Use: Scroll            |     1 |     4 ||     5
       Potion            |       |     3 ||     3
  Eat: Chunk             |     3 |     4 ||     7
       Fruit             |     1 |       ||     1
Armor: Robe              |    15 |     6 ||    21
Dodge: Dodged            |    49 |    17 ||    66
